 Dungeon Crawl Stone Soup version 0.27.1-33-g824d729ab1 (webtiles) character file.

Game seed: 14377235241055329791

4 belegose the Skirmisher (level 1, -3/20 HPs)
             Began as a Djinni Abyssal Knight on Dec 30, 2021.
             Was an Initiate of Lugonu.
             Frozen to death by an endoplasm (6 damage)
             ... on level 1 of the Dungeon.
             The game lasted 00:01:22 (389 turns).

belegose the Skirmisher (Djinni Abyssal Knight)      Turns: 389, Time: 00:01:23

Health: -3/20      AC:  3    Str: 11    XL:     1   Next: 66%
Gold:   5          EV: 11    Int: 13    God:    Lugonu [......] SH:  0 Dex: 12

rFire    + + .     SeeInvis .   a - +1 falchion
rCold    x . .     Faith    .   (no shield)
rNeg     . . .     Spirit   .   b - +0 leather armour
rPois    ∞         Reflect  .   (no helmet)
rElec    .         Harm     .   (no cloak)
rCorr    .         Rampage  .   (no gloves)
Will     .....                  (boots unavailable)
Stlth    +.........             (no amulet)
HPRegen  0.06/turn              (no ring)
MPRegen  0.00/turn              (no ring)

@: flying
A: sickness immunity, fire resistance 2, cold vulnerability 1, float, innate
caster, hp casting, extra vitality 1
a: Renounce Religion


You were on level 1 of the Dungeon.
You worshipped Lugonu.
Lugonu was noncommittal.
You visited 1 branch of the dungeon, and saw 1 of its levels.
You visited the Abyss 1 time.

You collected 5 gold pieces.

Inventory:

Hand Weapons
 a - a +1 falchion (weapon)
Armour
 b - a +0 leather armour (worn)
Scrolls
 e - a scroll of teleportation {unknown}
 f - a scroll of enchant armour {unknown}
Potions
 c - 2 potions of degeneration {unknown}
 d - a potion of curing {unknown}


   Skills:
 + Level 3.1 Fighting
 + Level 1.9 Long Blades
 - Level 1.0 Armour
 - Level 2.1 Dodging
 + Level 1.9 Invocations


You couldn't memorise any spells.
You didn't know any spells.
Your spell library was empty.

Dungeon Overview and Level Annotations

Branches:
Dungeon (1/15)

Altars:


Innate Abilities, Weirdness & Mutations

You are immune to sickness and miasma.
You are immune to poison.
Your flesh is very heat resistant. (rF++)
You are vulnerable to cold. (rC-)
You float through the air rather than walking.
You learn spells naturally, not from books.
Your magical power is your life essence.
You have superior vitality. (+4 HP)


Message History

The quokka bites you but does no damage.
The quokka barely misses you.
You closely miss the quokka.
The quokka is moderately wounded.
The quokka bites you but does no damage.
You barely miss the quokka.
The quokka is moderately wounded.
The quokka bites you but does no damage.
The quokka bites you.
You barely miss the quokka.
The quokka is moderately wounded.
The quokka bites you.
You hit the quokka.
The quokka is severely wounded.
The quokka bites you but does no damage.
The quokka misses you.
You riposte.
You barely miss the quokka.
The quokka is severely wounded.
You hit the quokka.
You kill the quokka!
Lugonu accepts your kill. The quokka closely misses you.
You riposte.
You hit the quokka.
You kill the quokka!
Lugonu accepts your kill. The endoplasm barely misses you.
Things that are here:
a quokka corpse; a hobgoblin corpse You hit the endoplasm.
The endoplasm is severely wounded.
The endoplasm freezes you.
You are frozen!
You feel a terrible chill!
* * * LOW HITPOINT WARNING * * *
The endoplasm hits you.
* * * LOW HITPOINT WARNING * * *
You barely miss the endoplasm.
The endoplasm is moderately wounded.
The endoplasm hits you.
* * * LOW HITPOINT WARNING * * *
The endoplasm freezes you.
You are frozen.
You feel a terrible chill!
You die...

...#♣♣..♣.<♣...###....##
.#.♣♣......♣..## #.....#
...♣......#♣.## #####.#
##.♣......♣♣## #.#
#....♣.♣..♣ #.#
#.....⌠...♣ #.#
#....♣.♣..♣#### #.#
#.♣.......♣...##### #.#
#.♣.......♣...J@..# #.#
#.♣♣.....♣♣.#.###.# #)#
#.#♣♣...♣♣.##.###.###.#
#...♣♣♣♣♣...#.........#
##### #..######.#####
#.#######.# #.........#
#.######### #.#


You could see an endoplasm.

Vanquished Creatures
  A hobgoblin (D:1)
  2 quokkas (D:1)
3 creatures vanquished.

Notes
Turn   | Place    | Note
-------+----------+-------------------------------------------
     0 | Abyss:1  | belegose the Djinni Abyssal Knight began the quest for the
                  | Orb.
     0 | Abyss:1  | Reached XP level 1. HP: 20/20 MP: 0/0
    93 | Abyss:1  | Noticed a small abomination
   122 | Abyss:1  | Noticed a hellwing
   130 | Abyss:1  | Noticed a large abomination
   132 | D:1      | Escaped the Abyss
   389 | D:1      | Frozen to death by an endoplasm

Illustrated notes

Levels and vault maps discovered:
D:1:      amcnicky_arrival_underground_garden, layout_loops_corners,
          shapermc_ecumenical_altar_mp_urbaneastern, minmay_misc_feat_iff,
          minmay_pentomino_r4

Action                   || total
-------------------------++-------
Melee: Falchion          ||    15
Invok: Depart the Abyss  ||     1
Armor: Leather armour    ||     7
Dodge: Dodged            ||     7
       Rpst.: Falchion   ||     3
